 Dungeon Crawl Stone Soup version 0.20-a0-1124-g2e29d97 (webtiles) character file.

2632 kuniqs the Cleaver (level 9, 0/81 HPs)
             Began as a Minotaur Berserker on May 15, 2017.
             Was an Elder of Trog.
             Slain by a centaur warrior (2 damage)
             ... on level 8 of the Dungeon.
             The game lasted 00:07:31 (6721 turns).

kuniqs the Cleaver (Minotaur Berserker)             Turns: 6721, Time: 00:07:32

Health: 0/81       AC: 14    Str: 23    XL:     9   Next: 35%
Magic:  8/8        EV: 11    Int:  4    God:    Trog [****..]
Gold:   273        SH:  0    Dex: 12    Spells: 8/8 levels left

rFire    . . .     SeeInvis .   a - +0 hand axe
rCold    . . .     Gourm    .   (no shield)
rNeg     . . .     Faith    .   m - +0 chain mail
rPois    .         Spirit   .   (helmet restricted)
rElec    .         Reflect  .   q - +0 cloak
rCorr    .         Harm     .   (no gloves)
MR       .....                  (no boots)
Stlth    ..........             (no amulet)
Regen    0.3/turn               j - ring of loudness (curse)
MPRegen  0.2/turn               (no ring)

@: no status effects
A: retaliatory headbutt, horns 2, yellow scales 1, sense surroundings 1
a: Berserk, Trog's Hand, Brothers in Arms, Burn Spellbooks, Renounce Religion


You were on level 8 of the Dungeon.
You worshipped Trog.
Trog was greatly pleased with you.
You were not hungry.

You visited 1 branch of the dungeon, and saw 8 of its levels.

You collected 405 gold pieces.
You spent 132 gold pieces at shops.

Inventory:

Hand Weapons
 a - a +0 hand axe (weapon)
Armour
 m - a +0 chain mail (worn)
 q - a +0 cloak (worn)
Jewellery
 j - a cursed ring of loudness (left hand)
Wands
 o - a wand of flame (0/48)
Scrolls
 c - 6 scrolls of identify {unknown}
 f - 4 scrolls of noise {unknown}
 h - 2 scrolls of recharging {unknown}
 k - a scroll of teleportation {unknown}
 r - 2 scrolls of enchant armour {unknown}
 t - 7 scrolls of remove curse {unknown}
 w - a scroll of amnesia {unknown}
 y - a scroll of enchant weapon {unknown}
Potions
 b - 2 potions of heal wounds
 g - a potion of berserk rage {unknown}
 i - 2 potions of might {unknown}
 n - a potion of degeneration {unknown}
 p - 4 potions of curing {@q1}
 s - a potion of brilliance {unknown}
 u - 2 potions of mutation {unknown}
 v - a potion of flight {unknown}
 x - a potion of invisibility {unknown}
 z - a potion of lignification
Books
 A - a book of Necromancy

   Spells                             Type                      Level
   a - Pain                           Necromancy                   1
   b - Animate Skeleton               Necromancy                   1
   c - Vampiric Draining              Necromancy                   3
   d - Regeneration                   Charms/Necromancy            3
   e - Animate Dead                   Necromancy                   4
   f - Control Undead                 Necromancy                   4
   Trog disapproves of the use of such an item.
Comestibles
 d - 5 bread rations
 e - 4 meat rations
 l - 2 royal jellies


   Skills:
 + Level 8.2 Fighting
 + Level 8.7 Axes
 + Level 8.1 Armour
 + Level 7.2 Dodging


You had 8 spell levels left.
You didn't know any spells.

Dungeon Overview and Level Annotations

Branches:
Dungeon (8/15)             Temple (0/1) D:6
   Lair: D:8-11

Altars:
Ashenzari
Elyvilon
Fedhas
Gozag
Hepliaklqana
Kikubaaqudgha
Makhleb
Okawaru
Ru
Sif Muna
Vehumet
Xom

Shops:
D:6 !(


Innate Abilities, Weirdness & Mutations

You reflexively headbutt those who attack you in melee.
You have a pair of horns on your head.
You are partially covered in yellow scales. (AC +2)
You passively map a small area around you.


Message History

The centaur warrior shoots an arrow.
The arrow hits you!
The centaur warrior hits you but does no damage.
The centaur warrior shoots an arrow.
The arrow hits you!!
* * * LOW HITPOINT WARNING * * *
Found a hand crossbow.
You see here an arrow.
Okay, then.
You fail to use your ability.
The centaur warrior hits you but does no damage.
The centaur warrior shoots an arrow.
The arrow hits you!
* * * LOW HITPOINT WARNING * * *
The centaur warrior misses you.
Your two-headed ogre goes berserk!
You feel quite a bit more hungry. Trog will no longer gift you weapons.
The centaur warrior hits you but does no damage.
The centaur warrior unwields an uncursed shortbow.
The centaur warrior hits you but does no damage.
You swap places.
The centaur warrior hits you.
You die...

** * * * * * , ,
*#.# * , ** ... , ,
,*#.# , * ######
#.## #=...#*...** #
####.#####.# * ** .
* #.##.##.##.##.#
#***
#...)((((@OcZ(#* #
#รท##.##.##c##$# #
#####.##.#####K# * ,
####...###...# *)..
* ,
##.##.#####.########
##.##.##.##.##.# ,
##.....).......#
##.##(##.##.##.# ,
,** #####.#####.##.#
,


You could see 2 centaur warriors, a kobold demonologist, an adder skeleton and a
friendly two-headed ogre (berserk).

Vanquished Creatures
  An ugly thing (D:8)
  2 ice beasts
  A sky beast (D:7)
  4 ogres
  A centaur (D:6)
  A crocodile (D:7)
  A big kobold (D:8)
  The ghost of anet the Magician, an amateur DEWz (D:3)
  3 howler monkeys
  3 crimson imps
  A quasit (D:7)
  3 jellies
  A centaur zombie (D:8)
  An orc priest (D:3)
  3 hounds
  7 iguanas
  5 worker ants
  8 orc wizards
  2 hound zombies
  2 hound skeletons
  A howler monkey zombie (D:7)
  A howler monkey skeleton (D:7)
  10 adders
  5 shadow imps
  An ooze (D:2)
  A dart slug (D:1)
  9 leopard geckos
  27 orcs
  6 giant cockroaches
  8 goblins
  6 hobgoblins
  5 jackals (D:2)
  7 kobolds
  2 quokkas
  A ball python (D:1)
  6 bats
  6 frilled lizards
  A jackal zombie (D:5)
  A leopard gecko zombie (D:6)
  A quokka skeleton (D:4)
  A quokka zombie (D:6)
  10 rats
167 creatures vanquished.

Vanquished Creatures (others)
  A plant (D:4)
1 creature vanquished.

Grand Total: 168 creatures vanquished

Notes
Turn   | Place    | Note
-------+----------+-------------------------------------------
     0 | D:1      | kuniqs the Minotaur Berserker began the quest for the Orb.
     0 | D:1      | Reached XP level 1. HP: 19/19 MP: 0/0
   193 | D:1      | Reached XP level 2. HP: 27/27 MP: 1/1
   556 | D:1      | Reached ** piety under Trog
   600 | D:2      | Reached XP level 3. HP: 33/33 MP: 2/2
   692 | D:2      | Found a shattered altar of Ashenzari.
   692 | D:2      | Found an iron altar of Okawaru.
  1321 | D:2      | Reached XP level 4. HP: 40/40 MP: 3/3
  1695 | D:3      | Reached *** piety under Trog
  1842 | D:3      | Found a blossoming altar of Fedhas.
  1869 | D:3      | Noticed anet's ghost (amateur DEWz)
  1878 | D:3      | Killed anet's ghost
  1878 | D:3      | Reached skill level 5 in Axes
  1878 | D:3      | Reached XP level 5. HP: 28/47 MP: 4/4
  1986 | D:3      | Found a white marble altar of Elyvilon.
  2147 | D:3      | Found a radiant altar of Vehumet.
  2148 | D:3      | Found a burning altar of Makhleb.
  2153 | D:3      | Reached skill level 5 in Fighting
  2153 | D:3      | Reached XP level 6. HP: 52/56 MP: 5/5
  2507 | D:4      | Found a shimmering altar of Xom.
  2755 | D:4      | Reached **** piety under Trog
  2803 | D:4      | Found a deep blue altar of Sif Muna.
  2803 | D:4      | Found a sacrificial altar of Ru.
  2809 | D:4      | Found an ancient bone altar of Kikubaaqudgha.
  2823 | D:4      | Reached skill level 5 in Armour
  2941 | D:4      | Reached XP level 7. HP: 57/61 MP: 6/6
  3144 | D:5      | Entered Level 5 of the Dungeon
  3637 | D:5      | Found a hazy altar of Hepliaklqana.
  4321 | D:6      | Reached skill level 5 in Dodging
  4449 | D:6      | Found an opulent altar of Gozag.
  4475 | D:6      | Reached XP level 8. HP: 49/71 MP: 7/7
  4476 | D:6      | Found a staircase to the Ecumenical Temple.
  4653 | D:6      | Found Moargh's Distillery.
  4665 | D:6      | Bought a potion of curing for 36 gold pieces
  4665 | D:6      | Bought a potion of heal wounds for 60 gold pieces
  4665 | D:6      | Bought a potion of lignification for 36 gold pieces
  4680 | D:6      | Found Joqok's Weapon Emporium.
  5939 | D:7      | Gained mutation: You passively map a small area around you. [mutagenic meat]
  5940 | D:7      | Gained mutation: You are partially covered in yellow scales. (AC +2) [mutagenic meat]
  6236 | D:8      | Reached XP level 9. HP: 78/80 MP: 8/8
  6355 | D:8      | Noticed a cyan ugly thing
  6361 | D:8      | Reached ***** piety under Trog
  6366 | D:8      | HP: 1/121 [cyan ugly thing (12)]
  6368 | D:8      | Killed a cyan ugly thing
  6714 | D:8      | Noticed a centaur warrior
  6715 | D:8      | Noticed a centaur warrior
  6717 | D:8      | Noticed a kobold demonologist
  6719 | D:8      | HP: 2/81 [centaur warrior/arrow (14)]
  6721 | D:8      | Slain by a centaur warrior

Vault maps used:
D:1:      scummos_arrival_gate, kennysheep_pointless_box
D:2:      gammafunk_temple_overflow_wave
D:3:      grunt_temple_overflow_lords_of_destruction, lemuel_crystal_altar,
          lemuel_tele_altar
D:4:      cheibrodos_helix_gallery, grunt_temple_overflow_open,
          overflow_temple_1_default, serial_bayou, serial_bayou_lagoon_a,
          serial_bayou_pond_e, serial_bayou_shore_a, serial_bayou_pond_c,
          minmay_misc_feat_more_columns
D:5:      kennysheep_little_box, first_bread
D:6:      lemuel_doored_altar, minmay_temple_entry_trees, serial_shops,
          nicolae_shop_statue_plus, shop
D:7:      roderic_serpentine_path
D:8:      hangedman_cross_veins, nicolae_tso_carved_into_rock,
          old_standard_altar, enter_ossuary_3

Skill      XL: |  1  2  3  4  5  6  7  8  9 |
---------------+----------------------------+-----
Armour         | 3 4 5 6 7 8 |  8.1
Axes           | 4 5 6 8 |  8.7
Fighting       | 4 5 6 7 8 |  8.2
Dodging        | 3 4 5 6 7 |  7.2

Action                   |  1- 3 |  4- 6 |  7- 9 || total
-------------------------+-------+-------+-------++-------
Melee: Hand axe          |    75 |   140 |   292 ||   507
       Headbutt          |    10 |    25 |    66 ||   101
Invok: Berserk           |     1 |     1 |     7 ||     9
       Brothers in Arms  |       |       |     1 ||     1
  Eat: Chunk             |     2 |     6 |    17 ||    25
       Royal jelly       |       |       |     2 ||     2
Armor: Animal skin       |    17 |       |       ||    17
       Chain mail        |       |    66 |   128 ||   194
Dodge: Dodged            |    54 |    69 |   117 ||   240
